 Dungeon Crawl Stone Soup version 0.16-a0-702-gf4f471d (webtiles) character file.

77 PolkaDot the Insei (level 4, 0/39 HPs)
             Began as a Draconian Transmuter on Sept 20, 2014.
             Was an Initiate of Okawaru.
             Succumbed to an adder's poison
             ... on Level 2 of the Dungeon.
             The game lasted 00:05:33 (1520 turns).

PolkaDot the Insei (Draconian Transmuter)           Turns: 1520, Time: 00:05:33

HP   0/39        AC  5     Str 12      XL: 4   Next: 14%
MP   4/7         EV 12     Int 14      God: Okawaru [......]
Gold 67          SH  0     Dex 12      Spells:  2 memorised,  4 levels left

rFire  x . .     SeeInvis .       - Unarmed
rCold  + . .     Clarity  .     (armour unavailable)
rNeg   . . .     rCorr    .     (no shield)
rPois  .         rRot     .     (helmet restricted)
rElec  .         Spirit   .     (no cloak)
SustAb .         Warding  .     (no gloves)
rMut   .         Stasis   .     (no boots)
Gourm  .                        (no amulet)
MR     .....                    (no ring)
                                j - ring of ice

@: lethally poisoned, not resistant to hostile enchantments, very unstealthy
A: unfitting armour, cold-blooded, AC +5
a: Renounce Religion


You were on level 2 of the Dungeon.
You worshipped Okawaru.
Okawaru was noncommittal.
You were very hungry.

You visited 1 branch of the dungeon, and saw 2 of its levels.

You collected 67 gold pieces.

Inventory:

Missiles
 b - 21 arrows
Comestibles
 a - 2 bread rations
 h - a meat ration
Jewellery
 j - a ring of ice (left hand)
Books
 d - a book of Changes

   Spells                             Type                      Level
   *Beastly Appendage                 Transmutation                1
   *Sticks to Snakes                  Transmutation                2
   Spider Form                        Transmutation/Poison         3
   Ice Form                           Ice/Transmutation            4
   Blade Hands                        Transmutation                5


   Skills:
 * Level 3.6 Fighting
 - Level 1.7 Dodging
 + Level 3.8 Unarmed Combat
 - Level 2.0 Spellcasting
 - Level 2.0 Transmutations


You had 4 spell levels left.
You knew the following spells:

 Your Spells              Type           Power        Failure   Level  Hunger
a - Beastly Appendage     Trmt           #.....       12%         1    ##.....
s - Sticks to Snakes      Trmt           #.........   17%         2    ###....


Dungeon Overview and Level Annotations

Branches:
Dungeon (2/15)

Altars:
Okawaru
Yredelemnul


Innate Abilities, Weirdness & Mutations

Your plain brown scales are hard (AC +5).
Your body does not fit into most forms of armour.
Your cold-blooded metabolism reacts poorly to cold.


Message History

Your ball python bites the adder but does no damage.
Your ball python constricts the adder.
Your adder bites the adder.
The adder dies!
There is a lethal amount of poison in your body!
You aren't carrying any potions.
Read which item? (? for menu, Esc to quit)
As you read the scroll labeled GRUOG PAAPP, it crumbles to dust.
It is a scroll of identify.
You don't have any unidentified items.
* * * LOW HITPOINT WARNING * * *
You feel sick.
* * * LOW HITPOINT WARNING * * *
You feel sick.
There is an escape hatch in the ceiling here.
* * * LOW HITPOINT WARNING * * *
You feel sick.
* * * LOW HITPOINT WARNING * * *
You feel sick.
You see here 15 gold pieces.
You die...

# .... ..>.. .
#......#. #....#...
##########....#...
#@$S.<......#.#.#.
#....S........#.#.#.
#..$..#≈##..%..#.#.#.
......≈##≈≈###...#.#.#.
####..#≈≈#≈≈≈≈...#.#.#.
#.≈#≈≈≈≈#≈##....#...
..≈≈#≈≈≈≈≈≈#....#...
##.# ≈≈≈≈≈≈≈≈.......#
≈≈#≈#≈##........


You could see a friendly adder and a friendly ball python.

Vanquished Creatures
  2 gnolls
  4 worms (D:2)
  An ooze (D:1)
  A ball python (D:1)
  3 bats
  5 goblins
  2 hobgoblins (D:1)
  6 kobolds
  4 rats
28 creatures vanquished.

Vanquished Creatures (collateral kills)
  An adder (D:2)
1 creature vanquished.

Grand Total: 29 creatures vanquished

Notes
Turn   | Place    | Note
--------------------------------------------------------------
     0 | D:1      | PolkaDot, the Draconian Transmuter, began the quest for the Orb.
     0 | D:1      | Reached XP level 1. HP: 16/16 MP: 3/3
   280 | D:1      | Reached XP level 2. HP: 21/24 MP: 4/4
   898 | D:2      | Learned a level 2 spell: Sticks to Snakes
   940 | D:2      | Found a basalt altar of Yredelemnul.
  1054 | D:2      | Found an iron altar of Okawaru.
  1080 | D:2      | Became a worshipper of Warmaster Okawaru
  1116 | D:2      | Reached XP level 3. HP: 16/30 MP: 6/6
  1476 | D:2      | Reached XP level 4. HP: 29/38 MP: 7/7
  1519 | D:2      | HP: 1/39 [poisoned by an adder]
  1520 | D:2      | Succumbed to an adder's poison

Action                   |  1- 3 |  4- 6 || total
-------------------------+-------+-------++-------
Melee: Unarmed           |   127 |    18 ||   145
 Cast: Beastly Appendage |     8 |       ||     8
       Sticks to Snakes  |       |     2 ||     2
  Use: Potion            |     3 |       ||     3
       Scroll            |     3 |     1 ||     4
  Eat: Chunk             |     1 |       ||     1
